 Dungeon Crawl Stone Soup version 0.19.4-8-ga85b6b9 (webtiles) character file.

125 sankara the Conjurer (level 4, -3/33 HPs)
             Began as a Draconian Conjurer on Feb 13, 2017.
             Slain by an orc warrior
             ... wielding a +0 halberd
              (15 damage)
             ... on level 3 of the Dungeon.
             The game lasted 00:09:23 (2148 turns).

sankara the Conjurer (Draconian Conjurer)           Turns: 2148, Time: 00:09:24

Health: -3/33      AC:  5    Str: 10    XL:     4   Next: 82%
Magic:  2/8        EV: 13    Int: 24    God:
Gold:   142        SH:  0    Dex: 12    Spells: 3 memorised, 0 levels left

rFire  . . .     SeeInvis .     d - +1 dagger (venom)
rCold  . . .     Gourm    .     (armour unavailable)
rNeg   . . .     Faith    .     (no shield)
rPois  .         Spirit   .     (helmet restricted)
rElec  .         Reflect  .     (no cloak)
rCorr  .         Harm     .     (no gloves)
MR     .....                    (no boots)
Stlth  ++........               (no amulet)
                                n - +5 ring of intelligence
                                f - +3 ring of intelligence

@: very slightly contaminated
A: unfitting armour, cold-blooded, AC +5
a: no special abilities


You were on level 3 of the Dungeon.
You were hungry.

You visited 1 branch of the dungeon, and saw 3 of its levels.

You collected 142 gold pieces.

Inventory:

Hand Weapons
 d - a +1 dagger of venom (weapon)
Jewellery
 f - a +3 ring of intelligence (left hand)
 n - a +5 ring of intelligence (right hand)
 o - an uncursed ring of protection from magic
Wands
 k - a wand of paralysis (5/24)
Scrolls
 c - a scroll of immolation {unknown}
 g - 2 scrolls of identify
 h - a scroll of teleportation {unknown}
 i - a scroll of enchant weapon {unknown}
 j - a scroll of enchant armour {unknown}
 p - 2 scrolls of fear {unknown}
 r - a scroll of random uselessness {unknown}
 t - a scroll of remove curse {unknown}
Potions
 e - a potion of flight
 l - a potion of resistance {unknown}
 q - a potion of invisibility {unknown}
 s - a potion of degeneration {unknown}
Books
 a - a book of Conjurations

   Spells                             Type                      Level
   a - Magic Dart                     Conjuration                  1
   b - Searing Ray                    Conjuration                  2
   c - Dazzling Spray                 Conjuration/Hexes            3
   d - Fulminant Prism                Conjuration/Hexes            4
   e - Iskenderun's Mystic Blast      Conjuration                  4
   f - Iskenderun's Battlesphere      Conjuration/Charms           5
Comestibles
 b - a bread ration
 m - 5 fruits
 u - a beef jerky
 v - 5 chunks of flesh
 w - a meat ration


   Skills:
 + Level 2.7 Dodging
 - Level 1.7 Stealth
 + Level 2.6 Spellcasting
 * Level 5.3 Conjurations


You couldn't memorise any spells.
You knew the following spells:

 Your Spells              Type           Power        Failure   Level  Hunger
a - Magic Dart            Conj           ####         1%          1    None
b - Dazzling Spray        Conj/Hex       ###...       14%         3    ###....
c - Iskenderun's Mystic   Conj           ####....     14%         4    ####...


Dungeon Overview and Level Annotations

Branches:
Dungeon (3/15)

Altars:
Gozag
Okawaru
Ru
Yredelemnul


Innate Abilities, Weirdness & Mutations

Your plain brown scales are hard. (AC +5)
You cannot fit into any form of body armour.
You are cold-blooded and may be slowed by cold attacks.


Message History

Things that are here:
a hand axe; a scale mail; an orc corpse
Casting: Magic Dart
Confirm with . or Enter, or press ? or * to list all spells.
Aiming: Dazzling Spray
Press: ? - help, Shift-Dir - straight line, f - orc
Aim: an orc, wielding a short sword You miscast Dazzling Spray.
You are very lightly contaminated with residual magic.
The air around you crackles with energy!
You are feeling hungry.
Casting: Dazzling Spray
Confirm with . or Enter, or press ? or * to list all spells.
Aiming: Dazzling Spray
Press: ? - help, Shift-Dir - straight line, f/p - orc
Aim: an orc, wielding a short sword The spray of energy hits the orc.
You kill the orc!
The orc warrior hits you from afar with a halberd!
You die...

.####### ........
.####### .# ### #o#.
)###.## .o#. ......#
... o########## ####.##
..# #..(....... #.# ..#
#.#........ #.# ..#
#.#@# #.# ##..# #.#)#
#.###...# #.#o#
#....[.## #.#)##
#####..# #....####
########..####.........
..............#...####.
#######...###.##.##
...####...# #.##.# #


You could see an orc warrior.

Vanquished Creatures
  An orc wizard (D:2)
  Robin (D:3)
  3 adders
  A worm (D:2)
  A dart slug (D:2)
  A leopard gecko (D:1)
  3 orcs (D:3)
  3 bats
  4 giant cockroaches
  12 goblins
  7 hobgoblins
  2 jackals (D:2)
  3 frilled lizards
  3 kobolds
  7 rats
52 creatures vanquished.

Notes
Turn   | Place    | Note
-------+----------+-------------------------------------------
     0 | D:1      | sankara the Draconian Conjurer began the quest for the Orb.
     0 | D:1      | Reached XP level 1. HP: 14/14 MP: 3/3
   326 | D:1      | Reached XP level 2. HP: 20/20 MP: 3/5
   912 | D:2      | Found an opulent altar of Gozag.
  1148 | D:2      | Reached XP level 3. HP: 22/26 MP: 6/6
  1209 | D:2      | Learned a level 3 spell: Dazzling Spray
  1244 | D:2      | Found a sacrificial altar of Ru.
  1257 | D:2      | Reached skill level 5 in Conjurations
  1268 | D:2      | Reached XP level 4. HP: 31/33 MP: 2/7
  1276 | D:2      | Learned a level 4 spell: Iskenderun's Mystic Blast
  1343 | D:2      | Found a basalt altar of Yredelemnul.
  1343 | D:2      | Found a faded altar of an unknown god.
  1348 | D:2      | Found a faded altar of an unknown god.
  1350 | D:2      | Found a faded altar of an unknown god.
  1351 | D:2      | Found an iron altar of Okawaru.
  1675 | D:3      | Noticed Robin
  1699 | D:3      | Killed Robin
  2123 | D:3      | Noticed an orc warrior
  2148 | D:3      | Slain by an orc warrior

Skill      XL: |  1  2  3 |
---------------+----------+-----
Dodging        | 2 |  2.7
Conjurations   | 5 |  5.3
Stealth        | |  1.7
Spellcasting   | |  2.6

Action                   |  1- 3 |  4- 6 || total
-------------------------+-------+-------++-------
Melee: Dagger            |    67 |    57 ||   124
       Tailslap          |     6 |     5 ||    11
 Cast: Magic Dart        |    23 |     1 ||    24
       Dazzling Spray    |       |     3 ||     3
  Use: Scroll            |     1 |       ||     1
       Potion            |       |     2 ||     2
 Stab: Sleeping          |     1 |       ||     1
       Paralysed         |       |     1 ||     1
  Eat: Chunk             |     1 |     3 ||     4
Armor: Skin              |    20 |    10 ||    30
Dodge: Dodged            |    35 |    40 ||    75
